 Dungeon Crawl Stone Soup version 0.24-a0-434-gd57e52fea8 (webtiles) character file.

Game seed: 6652170457786076676

112 Gargoyl the Skirmisher (level 4, 0/60 HPs)
             Began as a Centaur Abyssal Knight on June 16, 2019.
             Was a Follower of Lugonu.
             Slain by a hobgoblin (3 damage)
             ... on level 3 of the Dungeon.
             The game lasted 00:05:01 (3395 turns).

Gargoyl the Skirmisher (Centaur Abyssal Knight)     Turns: 3395, Time: 00:05:02

Health: 0/60       AC: 22    Str: 15    XL:     4   Next: 64%
Magic:  6/6        EV:  1    Int: 14    God:    Lugonu [*.....]
Gold:   113        SH:  0    Dex:  9    Spells: 3/3 levels left

rFire    . . .     SeeInvis .   d - +1 shortbow of Skirmishing {velocity, rC+ MR+ Int+3 Stlth+} (curse)
rCold    + . .     Gourm    .   (shield currently unavailable)
rNeg     + + +     Faith    .   (armour currently unavailable)
rPois    +         Spirit   .   (helmet currently unavailable)
rElec    .         Reflect  .   (cloak currently unavailable)
rCorr    .         Harm     .   (gloves currently unavailable)
MR       +....     NoTele   +   (no barding)
Stlth    ++........             (no amulet)
HPRegen  0.20/turn              (no ring)
MPRegen  0.10/turn              (no ring)

@: lethally poisoned (0 -> -1), tree-form (expiring)
A: large
a: Depart the Abyss, Renounce Religion


You were on level 3 of the Dungeon.
You worshipped Lugonu.
Lugonu was aware of your devotion.
You were not hungry.
You were a tree.
You visited 1 branch of the dungeon, and saw 3 of its levels.
You visited the Abyss 1 time.

You collected 113 gold pieces.

Inventory:

Hand Weapons
 a - a +4 hand axe
 d - the cursed +1 shortbow of Skirmishing (weapon) {velocity, rC+ MR+ Int+3 Stlth+}
   (You found it on level 2 of the Abyss)

   Any arrow fired from it inflicts extra damage.
   It affects your intelligence (+3).
   It protects you from cold.
   It affects your resistance to hostile enchantments.
   It makes you more stealthy.
   It has a curse placed upon it.
Missiles
 o - 13 arrows (quivered)
 t - 3 javelins
Armour
 j - a +0 helmet (melded)
 l - a +0 buckler
 n - a +1 plate armour (melded)
Jewellery
 q - a +1 ring of evasion {unknown}
 s - a +5 ring of intelligence {unknown}
Scrolls
 f - a scroll of identify
 i - a scroll of enchant weapon
 k - 2 scrolls of teleportation
Potions
 b - a potion of ambrosia {unknown}
 h - a potion of invisibility {unknown}
 m - a potion of might {unknown}
Comestibles
 c - 4 rations


   Skills:
 + Level 3.6 Fighting
 + Level 2.4 Axes
 * Level 2.1 Armour
 * Level 1.5 Dodging
 * Level 2.7 Invocations


You had 3 spell levels left.
You didn't know any spells.
Your spell library was empty.

Dungeon Overview and Level Annotations

Branches:
Dungeon (3/15)

Altars:


Innate Abilities, Weirdness & Mutations

((You have hooves in place of feet.))
((Armour fits poorly on your strangely shaped body.))
((You cover ground very quickly.))
((You have extremely tough skin. (AC +3)))


Message History

The hobgoblin hits you but does no damage.
Firing (i - inventory. (/) - cycle)
o - 15 arrows (quivered)
Press: ? - help, Shift-Dir - straight line, f/p - worker ant
Aim: a worker ant (heavily wounded)
You shoot an arrow.
The arrow closely misses the worker ant.
You feel sick.
The worker ant bites you but does no damage.
The hobgoblin hits you but does no damage.
The worker ant bites you.
* * * LOW HITPOINT WARNING * * *
Firing (i - inventory. (/) - cycle)
o - 14 arrows (quivered)
Press: ? - help, Shift-Dir - straight line, f/p - worker ant
Aim: a worker ant (heavily wounded)
You shoot an arrow. The arrow hits the worker ant.
The worker ant is severely wounded.
The hobgoblin hits you but does no damage.
The worker ant bites you but does no damage.
The hobgoblin hits you.
You die...

#.##...........##.#
#.#####
#........##.#####.#
#......
#######.###.# #.#
####### #.#
#.#####.# # #.#
#.......# # #.#
######### ***** #.#
,,,,* #.# #########
,**,* #.# #..g♣a.(#
### ,**,*
*#.#**#.#####.# #..
,,,,***,,,*,,,,,*
#.# #.#
**,,,,,,,,,,*,*,*
#.# *,*
,,,,***,,,,,,,*,*
#.# #,* ,,,,*
**,**,,,,,* #.#
###.# ,****
*,******** #.#
#.... ** *,* #.#
#...# **+** #.#
#...#


You could see a worker ant and a hobgoblin.

Vanquished Creatures
  A gnoll (D:1)
  3 adders (D:2)
  An ooze (D:1)
  A worm (D:2)
  3 dart slugs
  3 leopard geckos
  9 bats
  2 giant cockroaches
  7 goblins
  6 hobgoblins
  4 jackals (D:2)
  10 kobolds
  A ball python (D:1)
  A frilled lizard (D:1)
  5 rats
57 creatures vanquished.

Vanquished Creatures (others)
  A bush (Abyss:2)
1 creature vanquished.

Grand Total: 58 creatures vanquished

Notes
Turn   | Place    | Note
-------+----------+-------------------------------------------
     0 | Abyss:1  | Gargoyl the Centaur Abyssal Knight began the quest for the
                  | Orb.
     0 | Abyss:1  | Reached XP level 1. HP: 19/19 MP: 2/2
    50 | Abyss:1  | Found a corrupted altar of Lugonu.
    67 | Abyss:1  | Found a corrupted altar of Lugonu.
   100 | Abyss:2  | Found a basalt altar of Yredelemnul.
   142 | Abyss:2  | Got an iridescent shortbow
   146 | Abyss:2  | Noticed a bone dragon
   160 | Abyss:2  | Noticed an orange demon
   185 | Abyss:2  | Noticed a starcursed mass
   198 | Abyss:2  | Noticed an alligator simulacrum
   200 | Abyss:2  | Noticed an Executioner
   202 | Abyss:2  | Noticed a raiju
   203 | D:1      | Escaped the Abyss
   353 | D:1      | Reached XP level 2. HP: 25/26 MP: 3/3
   556 | D:1      | Reached skill level 1 in Dodging
  1125 | D:1      | Reached XP level 3. HP: 26/31 MP: 4/4
  1408 | D:2      | Reached * piety under Lugonu
  1705 | D:2      | Reached XP level 4. HP: 15/38 MP: 5/5
  3308 | D:3      | Identified the cursed +1 shortbow of Skirmishing {velocity,
                  | rC+ MR+ Int+3 Stlth+} (You found it on level 2 of the
                  | Abyss)
  3394 | D:3      | HP: 3/60 [worker ant (3)]
  3395 | D:3      | Slain by a hobgoblin

Levels and vault maps discovered:
D:1:      minmay_arrival_four_houses, layout_basic
D:2:      minmay_diamond_boxcup, layout_loops_ring
D:3:      layout_loops_corners

Skill      XL: |  1  2  3  4 |
---------------+-------------+-----
Dodging        | 1 |  1.5
Axes           | 2 |  2.4
Armour         | 2 |  2.1
Fighting       | |  3.6
Invocations    | |  2.7

Action                   |  1- 3 |  4- 6 || total
-------------------------+-------+-------++-------
Melee: Hand axe          |   104 |    65 ||   169
       Kick              |    15 |    17 ||    32
       Shortbow          |       |    16 ||    16
 Fire: Shortbow          |       |     5 ||     5
Invok: Depart the Abyss  |     1 |       ||     1
  Use: Potion            |     1 |     2 ||     3
       Scroll            |     3 |     5 ||     8
  Eat: Chunk             |     2 |     4 ||     6
Armor: Leather armour    |    55 |    13 ||    68
       Plate armour      |       |    38 ||    38
       Skin              |       |    24 ||    24
       Scale mail        |       |     8 ||     8
Dodge: Dodged            |    65 |    29 ||    94
Block: Buckler           |       |     3 ||     3

Table legend:
 A = Non-vault XP
 B = Vault XP
 C = Vault XP percentage of total XP
 D = Non-vault monster count
 E = Vault monster count
 F = Vault count percentage of total count
                 A         B        C        D         E       F
            +---------+---------+-------+---------+---------+-------
      Total |     132 |      29 |  18.0 |      49 |       8 |  14.0
            +---------+---------+-------+---------+---------+-------
        D:1 |      56 |       0 |   0.0 |      20 |       0 |   0.0
        D:2 |      61 |      29 |  32.2 |      22 |       8 |  26.7
        D:3 |      15 |       0 |   0.0 |       7 |       0 |   0.0
            +---------+---------+-------+---------+---------+-------
